 Dungeon Crawl Stone Soup version 0.29.1-1-gd02db6906a (webtiles) character file.

Game seed: 16503082090797319443

8187 oldmanjim the Thaumaturge (level 11, -2/81 HPs)
             Began as a Djinni Conjurer on Sept 17, 2022.
             Was a Believer of Uskayaw.
             Killed from afar by Fannar (36 damage)
             ... with a bolt of cold
             ... on level 10 of the Dungeon on Sept 18, 2022.
             The game lasted 01:49:18 (13706 turns).

oldmanjim the Thaumaturge (Djinni Conjurer)        Turns: 13706, Time: 01:49:18

Health: -2/81      AC:  9    Str:  6    XL:     11   Next: 51%
Gold:   251        EV: 17    Int: 30    God:    Uskayaw [**....] SH:  0 Dex: 12

rFire   + + +      SeeInvis +   a - +1 short sword of Interdependent Arising {drain, rPois rF+ rC+}
rCold   . . .      Faith    .   (no shield)
rNeg    + . .      Spirit   .   J - +1 robe of the Dragon {rN+ SInv}
rPois   ∞          Reflect  .   o - +1 helmet
rElec   .          Harm     .   A - +0 cloak
rCorr   .          Rampage  .   x - +2 pair of gloves
Will    +....                   (boots unavailable)
Stlth   ++........              (no amulet)
HPRegen 0.23/turn               t - +4 ring of evasion
MPRegen 0.00/turn               w - +6 ring of intelligence

@: flying, studying Evocations
A: sickness immunity, fire resistance 2, cold vulnerability 1, float, innate
caster, HP casting, extra vitality 1
a: Renounce Religion, Stomp, Line Pass


You were on level 10 of the Dungeon.
You worshipped Uskayaw.
Uskayaw was noncommittal.
You visited 2 branches of the dungeon, and saw 11 of its levels.
You also visited: Ossuary.

You collected 623 gold pieces.
You spent 372 gold pieces at shops.

Inventory:

Hand Weapons
 a - the +1 short sword of Interdependent Arising (weapon) {drain, rPois rF+ rC+}
   (You found it on level 8 of the Dungeon)

   A truly terrible weapon, it drains the life of any living foe it strikes.
   rF:        It protects you from fire.
   rC:        It protects you from cold.
   rPois:     It protects you from poison.
 b - the +6 sling "Cirit" {venom, rN+ Dex+4}
   (You took it off a kobold on level 2 of the Dungeon)

   Any ammunition fired from it poisons the flesh of those it strikes.
   Dex:       It affects your dexterity (+4).
   rN:        It protects you from negative energy.
 P - a +1 vampiric short sword
Missiles
 e - 90 stones
 l - 20 poisoned darts
 u - a curare-tipped dart
 B - 4 javelins
 O - 4 boomerangs
Armour
 j - a +0 helmet of see invisible
 o - a +1 helmet (worn)
 x - a +2 pair of gloves (worn)
 A - a +0 cloak (worn)
 E - a +1 ring mail of cold resistance
 I - a +0 robe of resistance
 J - the +1 robe of the Dragon (worn) {rN+ SInv}
   (You took it off a kobold brigand on level 6 of the Dungeon)

   rN:        It protects you from negative energy.
   SInv:      It lets you see invisible.
 R - a +2 scale mail of cold resistance
Jewellery
 t - a +4 ring of evasion (left hand)
 w - a +6 ring of intelligence (right hand)
 U - a +6 ring of dexterity
Wands
 p - a wand of charming (16)
 F - a wand of flame (44)
 H - a wand of acid (11)
 K - a wand of mindburst (14)
Scrolls
 d - a scroll of brand weapon
 h - 3 scrolls of enchant armour
 m - 3 scrolls of silence
 n - 2 scrolls of magic mapping
 y - a scroll of summoning
 G - 7 scrolls of teleportation
 T - a scroll of vulnerability
Potions
 c - 6 potions of curing
 f - 2 potions of mutation
 g - a potion of cancellation
 k - a potion of ambrosia
 q - 3 potions of resistance
 r - 3 potions of lignification
 s - a potion of brilliance
 v - a potion of haste
 L - a potion of berserk rage
 M - 2 potions of heal wounds
 N - a potion of invisibility
 S - a potion of attraction


   Skills:
 + Level 8.2 Fighting
 - Level 3.0 Armour
 - Level 4.0 Dodging
 - Level 1.5 Stealth
 + Level 9.1 Spellcasting
 - Level 7.0 Invocations
 + Level 7.0 Evocations


You couldn't memorise any spells.
You knew the following spells:

 Your Spells              Type           Power      Damage    Failure   Level
a - Magic Dart            Conj           100%       1d8       1%          1
b - Searing Ray           Conj           100%       2d8       1%          2
c - Dazzling Flash        Conj/Hex       100%       N/A       1%          3
d - Fulminant Prism       Conj/Hex       31%        3d16      1%          4
e - Iskenderun's Mystic   Conj/Tloc      62%        2d13      1%          4
f - Sting                 Tmut/Pois      100%       1d8       1%          1
g - Blink                 Tloc           100%       N/A       1%          2
h - Ozocubu's Armour      Ice            62%        N/A       1%          3
i - Frozen Ramparts       Ice            100%       1d16      1%          3
j - Lightning Bolt        Conj/Air       31%        1d48      2%          5
Your spell library was empty.

Dungeon Overview and Level Annotations

Branches:
Dungeon (10/15)            Temple (1/1) D:5         Ossuary (visited)
   Lair: D:8-11         Orc: D:9-12

Altars:
Ashenzari
Cheibriados
Dithmenos
Elyvilon
Fedhas
Gozag
Hepliaklqana
Makhleb
Nemelex Xobeh
Okawaru
Qazlal
Ru
Trog
Uskayaw
Wu Jian
Xom
Yredelemnul
Zin
The Shining One

Shops:
D:4 ?   D:8 !   D:10 (

Annotations:
D:9 exclusion: death knight
D:10 Fannar


Innate Abilities, Weirdness & Mutations

You are immune to sickness and miasma.
You are immune to poison.
Your flesh is very heat resistant. (rF++)
You are vulnerable to cold. (rC-)
You float through the air rather than walking.
You learn spells naturally, not from books.
Your magical power is your life essence.
You have superior vitality. (+4 MHP)


Message History

Your fulminant prism explodes!
You hear a shout! x2
Casting: Fulminant Prism (mildly dangerous; 1% risk of failure)
Confirm with . or Enter, or press ? or * to list all spells.
Aiming: Fulminant Prism (mildly dangerous; 1% risk of failure)
Press: ? - help, Dir - move target You conjure a prism of explosive energy!
A fulminant prism comes into view.
You hear an angry buzzing noise.
Found a stone staircase leading down.
Your fulminant prism crackles loudly.
Your fulminant prism explodes!
The blast of energy engulfs the ice beast!!
You kill the ice beast!
The ice beast disappears in a puff of smoke!
Uskayaw will force your foes to helplessly watch your dance.
Casting: Fulminant Prism (mildly dangerous; 1% risk of failure)
Confirm with . or Enter, or press ? or * to list all spells.
Aiming: Fulminant Prism (mildly dangerous; 1% risk of failure)
Press: ? - help, Dir - move target
Okay, then.
You start resting.
Your magical contamination has completely faded away.
Fannar mumbles some strange words.
Fannar blinks!
You stomp with the beat, sending a shockwave through the revellers around you!
Fannar gestures wildly while chanting.
Fannar blinks!
Casting: Fulminant Prism (mildly dangerous; 1% risk of failure)
Confirm with . or Enter, or press ? or * to list all spells.
Aiming: Fulminant Prism (mildly dangerous; 1% risk of failure)
Press: ? - help, Dir - move target You conjure a prism of explosive energy!
A fulminant prism comes into view.
Fannar brushes some snowflakes from their robe.
Fannar casts a spell at you.
The bolt of cold hits your fulminant prism!
Your fulminant prism resists.
The bolt of cold hits you!!!
You die...

......##########
#####...#######
......Y.......##
........#####..#
........##.....##
........##......#
........##...§..####.##
..e.........e*........#
###############.@###..#
.......<# ##..#
######### ##... ..#
##.# ..# ... ..#####
>#. [.....# . . ......#
.. ......#


You could see Fannar (ally target) and a friendly fulminant prism.

Vanquished Creatures
  Pikel (D:6)
  Maurice (D:10)
  Maggie (D:8)
  A gargoyle (D:10)
  2 trolls
  Grinder (D:6)
  A hornet (D:10)
  4 wyverns
  A wraith (D:6)
  A basilisk (D:10)
  7 yaks
  Grum (D:8)
  A steam dragon (D:9)
  2 water moccasins
  An ogre (D:5)
  2 black bears
  An ice beast (D:6)
  3 wolves (D:8)
  3 centaurs
  A lemure (D:6)
  A phantom (D:6)
  2 kobold brigands
  2 bullfrogs
  A necrophage (D:6)
  7 scorpions
  3 wights (D:9)
  10 killer bees
  4 howler monkeys
  2 centaur zombies (Ossuary)
  A crimson imp (D:4)
  4 jellies
  3 human zombies (Ossuary)
  4 orc priests
  3 hounds
  Natasha (thrice) (D:2)
  Terence (D:2)
  2 iguanas (D:5)
  5 scorpion zombies (Ossuary)
  8 orc wizards
  3 mummies (Ossuary)
  Robin (D:3)
  4 gnolls (D:4)
  6 adders
  A white imp (D:7)
  4 worms
  6 dart slugs
  22 orcs
  7 ball pythons
  10 bats
  10 endoplasms
  7 giant cockroaches
  A gnoll zombie (Ossuary)
  18 goblins
  14 hobgoblins
  3 jackals (D:1)
  3 quokkas
  4 frilled lizards
  A goblin skeleton (D:4)
  5 goblin zombies
  4 hobgoblin zombies
  24 kobolds
  A kobold skeleton (D:4)
  9 kobold zombies
  3 orc zombies (Ossuary)
  4 rats
  A spectral hobgoblin (D:1)
  A fulminant prism (D:10)
279 creatures vanquished.

Vanquished Creatures (others)
  69 fulminant prisms
  27 fungi (D:6)
96 creatures vanquished.

Grand Total: 375 creatures vanquished

Notes
Turn   | Place    | Note
-------+----------+-------------------------------------------
     0 | D:1      | oldmanjim the Djinni Conjurer began the quest for the Orb.
     0 | D:1      | oldmanjim set off with the following spells memorised:
                  | Magic Dart, Searing Ray, Dazzling Flash, Fulminant Prism,
                  | Iskenderun's Mystic Blast.
     0 | D:1      | Reached XP level 1. HP: 15/15 MP: 0/0
   218 | D:1      | Reached XP level 2. HP: 16/21 MP: 0/0
   516 | D:1      | You are sucked into a shaft and drop 1 floor!
   601 | D:1      | Found a faded altar of an unknown god.
   617 | D:1      | Prayed at the altar of an unknown god.
   617 | D:1      | Became a worshipper of Uskayaw the Reveller
   617 | D:1      | Reached * piety under Uskayaw
   681 | D:1      | Reached ** piety under Uskayaw
   906 | D:1      | Reached XP level 3. HP: 23/25 MP: 0/0
   906 | D:1      | Learned a level 1 spell: Sting
  1061 | D:1      | Reached skill level 4 in Spellcasting
  1889 | D:2      | Reached XP level 4. HP: 23/31 MP: 0/0
  2429 | D:2      | Noticed Natasha
  2434 | D:2      | Killed Natasha
  2447 | D:2      | Noticed Natasha
  2588 | D:2      | Identified the +6 sling "Cirit" {venom, rN+ Dex+4}
  2657 | D:2      | Reached XP level 5. HP: 35/35 MP: 0/0
  2657 | D:2      | Learned a level 2 spell: Blink
  2753 | D:2      | Noticed Terence
  2770 | D:2      | Killed Terence
  2771 | D:2      | Reached skill level 5 in Spellcasting
  3047 | D:2      | Killed Natasha
  3406 | D:2      | Noticed Natasha
  3411 | D:2      | Killed Natasha
  3412 | D:2      | Reached XP level 6. HP: 28/40 MP: 0/0
  4053 | D:3      | Found a faded altar of an unknown god.
  4235 | D:3      | Found an opulent altar of Gozag.
  4245 | D:3      | Reached skill level 1 in Fighting
  4324 | D:3      | Noticed Robin
  4328 | D:3      | Killed Robin
  4603 | D:3      | Found a snail-covered altar of Cheibriados.
  4934 | D:4      | Found a sparkling altar of Nemelex Xobeh.
  5002 | D:4      | Reached XP level 7. HP: 49/49 MP: 0/0
  5002 | D:4      | Learned a level 3 spell: Ozocubu's Armour
  5128 | D:4      | Found Ilanwam's Magic Scroll Boutique.
  5131 | D:4      | Reached skill level 1 in Invocations
  5218 | D:4      | Bought a scroll of enchant armour for 75 gold pieces
  5218 | D:4      | Bought a scroll of teleportation for 30 gold pieces
  5218 | D:4      | Bought a scroll of identify for 20 gold pieces
  5334 | D:4      | Found a glowing golden altar of the Shining One.
  5440 | D:4      | Reached skill level 6 in Spellcasting
  5895 | D:3      | Found an iron altar of Okawaru.
  5949 | D:5      | Entered Level 5 of the Dungeon
  6128 | D:5      | Reached XP level 8. HP: 55/58 MP: 0/0
  6353 | D:5      | Found a staircase to the Ecumenical Temple.
  6364 | Temple   | Entered the Ecumenical Temple
  6913 | D:6      | Noticed Grinder
  7120 | D:6      | Identified the +1 robe of the Dragon {rN+ SInv}
  7233 | D:6      | Killed Grinder
  7233 | D:6      | Reached *** piety under Uskayaw
  7234 | D:6      | Reached skill level 7 in Spellcasting
  7278 | D:6      | Noticed Pikel
  7295 | D:6      | Killed Pikel
  7296 | D:6      | Reached skill level 5 in Fighting
  7296 | D:6      | Reached XP level 9. HP: 5/65 MP: 0/0
  7296 | D:6      | Learned a level 3 spell: Frozen Ramparts
  7763 | D:6      | Found a basalt altar of Yredelemnul.
  8592 | D:7      | Found a burning altar of Makhleb.
  8630 | D:7      | Found an ornate altar of the Wu Jian Council.
  8635 | D:7      | Found a hide-covered altar of Uskayaw.
  8767 | D:7      | Found a sand-covered staircase.
  8776 | Ossuary  | Entered an ossuary
  8854 | Ossuary  | Reached skill level 5 in Invocations
  8861 | Ossuary  | Reached XP level 10. HP: 65/72 MP: 0/0
  8876 | Ossuary  | Reached **** piety under Uskayaw
  9324 | Ossuary  | Reached skill level 5 in Evocations
  9757 | D:7      | Reached skill level 8 in Spellcasting
  9760 | D:7      | Reached skill level 1 in Armour
 10419 | D:8      | Noticed Grum
 10426 | D:8      | Killed Grum
 10627 | D:8      | Noticed Maggie
 10646 | D:8      | Killed Maggie
 10999 | D:8      | Found a stormy altar of Qazlal.
 11074 | D:8      | Identified the +1 short sword of Interdependent Arising
                  | {drain, rPois rF+ rC+}
 11148 | D:8      | Found a white marble altar of Elyvilon.
 11204 | D:8      | Found Yraawaaw's Distillery.
 11215 | D:8      | Bought a potion of attraction for 39 gold pieces
 11215 | D:8      | Bought a potion of degeneration for 13 gold pieces
 11409 | D:8      | Found a sacrificial altar of Ru.
 11533 | D:8      | Found a shadowy altar of Dithmenos.
 11534 | D:8      | Found a hazy altar of Hepliaklqana.
 11753 | D:4      | Bought a scroll of vulnerability for 40 gold pieces
 11753 | D:4      | Bought a scroll of silence for 95 gold pieces
 11754 | D:4      | Bought a scroll of identify for 20 gold pieces
 11754 | D:4      | Bought a scroll of identify for 20 gold pieces
 11754 | D:4      | Bought a scroll of identify for 20 gold pieces
 12277 | D:9      | Reached XP level 11. HP: 68/79 MP: 0/0
 12277 | D:9      | Learned a level 5 spell: Lightning Bolt
 12631 | D:9      | Identified the +1 chain mail "Qiekh" {-Tele rN+ Str+2}
 12663 | D:9      | Noticed a death knight
 13003 | D:10     | Entered Level 10 of the Dungeon
 13006 | D:10     | Identified a scroll of acquirement
 13006 | D:10     | Acquired a manual of Evocations
 13038 | D:10     | Reached skill level 9 in Spellcasting
 13039 | D:10     | Noticed Maurice
 13040 | D:10     | Killed Maurice
 13040 | D:10     | Reached ***** piety under Uskayaw
 13052 | D:10     | Noticed Fannar
 13368 | D:10     | Identified the +0 robe "Hudi" {rF+}
 13398 | D:10     | Found Pahuj's Weapon Emporium.
 13706 | D:10     | Killed from afar by Fannar

Illustrated notes

Levels and vault maps discovered:
D:1:      doesnt_arrival_eight_statues, layout_loops_cross,
          dreamdust_ecumenical_altar_drowned_temple, minmay_misc_feat_hallway,
          hex_tiny
D:2:      minmay_diamond_boxcup, layout_loops_ring, minmay_goblin_kobold_house,
          uniq_natasha, uniq_terence
D:3:      layout_basic, cheibriados_altar_1, nicolae_overflow_ecumenical_swirl,
          mainiacjoe_overflow_small_starburst, grunt_decor_resistance,
          mrwooster_statue_mirror, uniq_robin
D:4:      layout_loops_ring, nemelex_spade_bored_becter,
          nicolae_tso_besieged_by_evil, eino_tiny_chamber, hangedman_decor_push,
          nicolae_inconvenience_store
D:5:      layout_cave_pods, minmay_temple_entry_large_hall
D:6:      layout_loops_ring, mainiacjoe_overflow_cross_hatched, uniq_grinder,
          uniq_pikel
D:7:      layout_cave_pools, bloody_makhleb, mainiacjoe_overflow_big_doors,
          nicolae_ossuary_entry_ruins
D:8:      layout_loops_ring, riverfiend_overflow_shadow_ancestor,
          elyvilon_altar_5, mainiacjoe_overflow_brackets,
          lemuel_coloured_pillars_altar, nicolae_stop_n_shop_1, uniq_maggie,
          uniq_grum
D:9:      layout_irregular_city, led_sif_pool, kennysheep_just_a_vault
D:10:     hellmonk_paralyzer, layout_basic, serial_shops,
          nicolae_shop_bloodbath_and_beyond, minmay_chambers_of_fives,
          uniq_fannar, uniq_joseph, uniq_maurice
Temple:   nicolae_temple_superstar

Skill      XL: |  1  2  3  4  5  6  7  8  9 10 11 |
---------------+----------------------------------+-----
Spellcasting   | 4 5 6 7 8 9 |  9.1
Fighting       | 2 3 5 7 8 |  8.2
Invocations    | 2 4 5 6 7 |  7.0
Dodging        | 4 |  4.0
Evocations     | 2 4 5 7 |  7.0
Armour         | 3 |  3.0
Stealth        | |  1.5

Action                   |  1- 3 |  4- 6 |  7- 9 | 10-12 || total
-------------------------+-------+-------+-------+-------++-------
Melee: Short sword       |       |     4 |       |    11 ||    15
 Fire: Sling             |       |   104 |   136 |    63 ||   303
 Cast: Magic Dart        |    72 |     8 |    11 |    20 ||   111
       Searing Ray       |     8 |    16 |    24 |    28 ||    76
       Blink             |       |       |     3 |     1 ||     4
       Iskenderun's Myst |       |       |     3 |     4 ||     7
       Fulminant Prism   |       |       |    12 |    59 ||    71
       Dazzling Flash    |       |       |     2 |     1 ||     3
       Ozocubu's Armour  |       |       |     1 |     1 ||     2
       Sting             |       |       |     1 |       ||     1
       Lightning Bolt    |       |       |       |     6 ||     6
Invok: Stomp             |     1 |       |       |     1 ||     2
  Use: Scroll            |       |       |     8 |    14 ||    22
       Potion            |       |       |       |     1 ||     1
 Stab: Sleeping          |       |     3 |       |       ||     3
       Paralysed         |       |       |       |     5 ||     5
Armor: Robe              |     2 |     5 |    14 |    15 ||    36
Dodge: Dodged            |     6 |    17 |    44 |    59 ||   126
